 Dungeon Crawl Stone Soup version 0.18.1-50-g88ac8fd (webtiles) character file.

911 Peloso the Covered (level 7, -2/64 HPs)
             Began as a Deep Dwarf Fighter on Oct 22, 2016.
             Was an Initiate of the Shining One.
             Slain by a sky beast (3 damage)
             ... on level 6 of the Dungeon.
             The game lasted 00:21:57 (4915 turns).

Peloso the Covered (Deep Dwarf Fighter)             Turns: 4915, Time: 00:21:57

Health: -2/64      AC: 12    Str: 21    XL:     7   Next: 82%
Magic:  7/7        EV:  9    Int:  9    God:    the Shining One [......]
Gold:   111        SH: 10    Dex: 12    Spells: 0 memorised, 6 levels left

rFire  + . .     SeeInvis .     a - +0 long sword
rCold  . . .     Gourm    .     b - +0 scale mail
rNeg   . . .     Faith    .     c - +0 shield
rPois  .         Spirit   .     y - +0 helmet
rElec  .         Dismiss  +     o - +1 cloak
rCorr  .         Reflect  .     h - +0 pair of gloves
SustAt .         Harm     .     (no boots)
MR     +....                    u - amulet of dismissal
Stlth  ..........               (no ring)
                                j - ring of protection from fire

@: non-regenerating, glowing, somewhat resistant to hostile enchantments,
extremely unstealthy
A: damage resistance, recharge devices, sense surroundings 1, slow regeneration
3
a: Device Recharging, Renounce Religion


You were on level 6 of the Dungeon.
You worshipped the Shining One.
The Shining One was noncommittal.
You were hungry.

You visited 2 branches of the dungeon, and saw 7 of its levels.

You collected 241 gold pieces.
You spent 130 gold pieces at shops.

Inventory:

Hand Weapons
 a - a +0 long sword (weapon)
 C - a +2 mace of draining
Armour
 b - a +0 scale mail (worn)
 c - a +0 shield (worn)
 h - a +0 pair of gloves (worn)
 o - a +1 cloak (worn)
 y - a +0 helmet (worn)
Jewellery
 j - a ring of protection from fire (left hand)
 u - an amulet of dismissal (around neck)
 E - a cursed ring of loudness {unknown}
Wands
 e - a wand of heal wounds (1/9)
 n - a wand of disintegration (12/24)
 s - a wand of iceblast (0/15)
 v - a wand of iceblast (0/15)
Scrolls
 g - a scroll of enchant armour
 i - a scroll of torment {unknown}
 q - a scroll of magic mapping
 w - a scroll of enchant weapon {unknown}
 B - a scroll of remove curse
 F - a scroll of teleportation
Potions
 d - a potion of might
 k - 4 potions of curing
 m - a potion of flight {unknown}
 p - 3 potions of heal wounds {unknown}
 t - a potion of degeneration {unknown}
 x - a potion of invisibility {unknown}
 z - a potion of mutation {unknown}
Comestibles
 f - 5 bread rations
 l - 4 meat rations
 r - 2 beef jerkies
 A - a slice of pizza
 D - a royal jelly


   Skills:
 + Level 4.3 Fighting
 + Level 4.6 Long Blades
 + Level 5.2 Armour
 + Level 4.2 Dodging
 + Level 0.6 Stealth
 + Level 5.2 Shields
 + Level 1.1 Evocations


You had 6 spell levels left.
You didn't know any spells.

Dungeon Overview and Level Annotations

Branches:
Dungeon (6/15)             Temple (1/1) D:5

Altars:
Ashenzari
Cheibriados
Dithmenos
Elyvilon
Fedhas
Gozag
Kikubaaqudgha
Makhleb
Nemelex Xobeh
Okawaru
Pakellas
Qazlal
Ru
Trog
Vehumet
Yredelemnul
The Shining One

Shops:
D:5 *

Annotations:
D:5 Blank's ghost, novice MiFi


Innate Abilities, Weirdness & Mutations

You are resistant to damage.
You can recharge devices by infusing magical energy.
You passively map a small area around you.
You do not regenerate naturally.


Message History

Something hits you.
* * * LOW HITPOINT WARNING * * *
Something shocks you.
* * * LOW HITPOINT WARNING * * *
Your shield prevents you from hitting something.
Something hits you but does no damage.
You barely miss something. Something hits you but does no damage.
You miss something. Something hits you but does no damage.
You closely miss something.
Something hits you but does no damage. x2
Your shield and scale mail prevent you from hitting something.
Something hits you.
* * * LOW HITPOINT WARNING * * *
Something shocks you. The Shining One protects you from harm!
You miss something. Something hits you but does no damage.
You miss something. You block something's attack.
You slash something! Something hits you.
The Shining One protects you from harm! Something shocks you.
You die...

######.# #†#
#.# #.# #.#
##.## , *
*#...#### *
#....#....#
#.##...##@# *
#,*##.###†##
, , #. #...#
#.#.....# , *
#.........#
,*
#............
, *
##>.......###
##.....#.# ,
* , .....##..
, ,


There were no monsters in sight!

Vanquished Creatures
  2 ogres (D:5)
  A scorpion (D:6)
  2 howler monkeys (D:4)
  A crimson imp (D:3)
  2 hounds (D:5)
  A jelly (D:5)
  An orc priest (D:3)
  A giant frog skeleton (D:5)
  4 worker ants
  An iguana (D:6)
  3 orc wizards
  3 gnolls
  6 adders
  A shadow imp (D:5)
  4 oozes
  An adder skeleton (D:4)
  2 adder zombies
  3 worms
  6 giant geckos
  12 orcs
  7 bats
  7 giant cockroaches
  7 goblins
  10 hobgoblins
  2 quokkas
  A ball python (D:5)
  5 giant newts
  12 kobolds
  A quokka skeleton (D:5)
  10 rats
119 creatures vanquished.

Notes
Turn   | Place    | Note
--------------------------------------------------------------
     0 | D:1      | Peloso the Deep Dwarf Fighter began the quest for the Orb.
     0 | D:1      | Reached XP level 1. HP: 20/20 MP: 1/1
   107 | D:1      | Reached XP level 2. HP: 13/27 MP: 2/2
   184 | D:1      | HP: 1/28 [kobold/short sword (4)]
   955 | D:1      | Reached XP level 3. HP: 26/34 MP: 3/3
  1613 | D:2      | Found a stormy altar of Qazlal.
  1683 | D:2      | Found an oddly glowing altar of Pakellas.
  1745 | D:2      | Found a sacrificial altar of Ru.
  2173 | D:2      | Found a shattered altar of Ashenzari.
  2491 | D:3      | Reached skill level 1 in Dodging
  2491 | D:3      | Reached XP level 4. HP: 30/42 MP: 4/4
  2696 | D:3      | Reached XP level 5. HP: 32/49 MP: 5/5
  2863 | D:3      | Found an opulent altar of Gozag.
  3408 | D:3      | Reached XP level 6. HP: 10/57 MP: 6/6
  3528 | D:4      | Found an iron altar of Okawaru.
  3734 | D:4      | Found a basalt altar of Yredelemnul.
  3897 | D:4      | Found a shadowy altar of Dithmenos.
  4198 | D:5      | Entered Level 5 of the Dungeon
  4198 | D:5      | Found a sparkling altar of Nemelex Xobeh.
  4238 | D:5      | Found a staircase to the Ecumenical Temple.
  4242 | D:5      | Found Fusafruri's Assorted Antiques.
  4261 | D:5      | Bought a dented sapphire amulet for 130 gold pieces
  4287 | D:5      | Found a radiant altar of Vehumet.
  4320 | D:5      | Reached skill level 1 in Evocations
  4320 | D:5      | Reached XP level 7. HP: 17/64 MP: 7/7
  4361 | D:5      | Noticed Blank's ghost (novice MiFi)
  4515 | D:5      | Reached skill level 5 in Armour
  4528 | D:5      | Found a burning altar of Makhleb.
  4534 | D:5      | Reached skill level 5 in Shields
  4650 | Temple   | Entered the Ecumenical Temple
  4726 | Temple   | Became a worshipper of the Shining One
  4912 | D:6      | HP: 1/64 [something (3)]
  4912 | D:6      | The Shining One protects you from harm!
  4915 | D:6      | The Shining One protects you from harm!
  4915 | D:6      | Slain by a sky beast

Skill      XL: |  1  2  3  4  5  6  7 |
---------------+----------------------+-----
Fighting       | 3 4 |  4.3
Dodging        | 1 2 3 4 |  4.2
Shields        | 4 5 |  5.2
Armour         | 4 5 |  5.2
Long Blades    | 3 4 |  4.6
Evocations     | 1 |  1.1
Stealth        | |  0.6

Action                   |  1- 3 |  4- 6 |  7- 9 || total
-------------------------+-------+-------+-------++-------
Melee: Long sword        |   169 |   207 |   103 ||   479
Evoke: Wand              |     1 |     4 |     4 ||     9
  Use: Scroll            |     6 |     4 |       ||    10
  Eat: Chunk             |     5 |     6 |     2 ||    13
Armor: Scale mail        |    86 |   105 |    47 ||   238
Dodge: Dodged            |    44 |    54 |    32 ||   130
Block: Shield            |    92 |   103 |    47 ||   242
